 Dungeon Crawl Stone Soup version 0.14.1-1-g650416f (webtiles) character file.

1840 Heini the Cleaver (level 9, 0/79 HPs)
             Began as a Hill Orc Fighter on May 2, 2014.
             Was an Initiate of Okawaru.
             Slain by a goliath beetle (21 damage)
             ... on Level 7 of the Dungeon.
             The game lasted 00:16:57 (5557 turns).

Heini the Cleaver (Hill Orc Fighter)                Turns: 5557, Time: 00:16:57

HP   0/79        AC  9     Str 22      XL: 9   Next:  3%
MP  11/11        EV  7     Int  8      God: Okawaru [......]
Gold 144         SH 18     Dex 10      Spells:  0 memorised,  8 levels left

rFire  . . .     SeeInvis .     a - +1,+0 war axe
rCold  . . .     Clarity  .     b - +0 scale mail
rNeg   . . .     Conserve +     c - +0 shield
rPois  .         rCorr    .     (no helmet)
rElec  .         rRot     .     o - +0 cloak
SustAb . .       Spirit   .     (no gloves)
rMut   .         Warding  .     (no boots)
Saprov + . .     Stasis   .     m - amulet of conservation
MR     .....                    (no ring)
                                (no ring)

@: not resistant to hostile enchantments, extremely unstealthy
A: saprovore 1
a: Renounce Religion


You were on level 7 of the Dungeon.
You worshipped Okawaru.
Okawaru was noncommittal.
You were not hungry.

You visited 2 branches of the dungeon, and saw 8 of its levels.
You also visited: Sewer.

You collected 144 gold pieces.

Inventory:

Hand weapons
 a - a +1,+0 war axe (weapon)
Armour
 b - a +0 scale mail (worn)
 c - a +0 shield (worn)
 o - a +0 cloak (worn)
Magical devices
 z - a wand of flame (9)
Comestibles
 d - 4 meat rations
 h - 2 bread rations
 k - 6 strawberries
Scrolls
 e - 2 scrolls of identify
 g - 3 scrolls of amnesia
 n - 3 scrolls of remove curse
 y - a scroll of teleportation
Jewellery
 m - an amulet of conservation (around neck)
 p - an uncursed ring of fire
Potions
 f - 2 potions of heal wounds
 i - 5 potions of curing
 j - 2 potions of haste
 l - a potion of mutation
 q - a potion of resistance
 r - 2 potions of berserk rage
 s - 3 potions of magic
 u - a potion of agility {unknown}
 v - a potion of porridge
 x - a potion of restore abilities


   Skills:
 * Level 7.3 Fighting
 * Level 9.7 Axes
 * Level 7.9 Armour
 - Level 3.2 Shields
 + Level 1.3 Evocations


You had 8 spell levels left.
You didn't know any spells.

Dungeon Overview and Level Annotations

Branches:
Dungeon (7/15)             Temple (1/1) D:6

Altars:
Ashenzari
Cheibriados
Dithmenos
Elyvilon
Fedhas
Kikubaaqudgha
Makhleb
Nemelex Xobeh
Okawaru
Sif Muna
Trog
Vehumet
Xom
Yredelemnul
Zin
The Shining One

Shops:
D:5 :   D:7 (

Annotations:
D:6 Sigmund


Innate Abilities, Weirdness & Mutations

You can tolerate rotten meat.


Message History

You hit the goliath beetle.
The goliath beetle is heavily wounded.
The goliath beetle bites you!
You hit the goliath beetle.
The goliath beetle is heavily wounded.
You hit the goliath beetle.
The goliath beetle is heavily wounded.
The goliath beetle bites you!
* * * LOW HITPOINT WARNING * * *
You hit the goliath beetle but do no damage.
The goliath beetle is heavily wounded.
You hit the goliath beetle.
The goliath beetle is severely wounded.
The goliath beetle closely misses you.
You slash the goliath beetle!
The goliath beetle is almost dead.
You hit the goliath beetle.
The goliath beetle is almost dead.
The goliath beetle bites you!
You die...

.... ..........
............
..............
............#...
................
................
.................#
........<@...#
..8......B........
...............#
.∩.8.[........##
.........(...##
8...........#
............
.......##. ...#


You could see a goliath beetle.

Vanquished Creatures
  The ghost of Kae the Basher, an experienced MiFi of Okawaru (D:5)
  A hippogriff (D:7)
  2 necrophages (D:5)
  2 phantoms
  An ogre (D:5)
  A sky beast (D:5)
  A giant frog (D:6)
  A hippogriff zombie (D:5)
  A troll skeleton (D:7)
  2 jellies
  A crimson imp (D:5)
  A giant frog zombie (D:5)
  2 hounds (D:4)
  A big fish (D:3)
  2 worker ants
  An ogre zombie (D:5)
  3 gnolls (D:5)
  12 adders
  2 inept feature mimics
  A shadow imp (D:5)
  6 worms
  An ooze (D:2)
  4 orcs
  33 ball pythons (Sewer)
  9 bats
  2 giant cockroaches
  15 goblins
  10 hobgoblins
  8 jackals
  10 kobolds
  A quokka (D:2)
  A giant gecko (D:2)
  8 giant newts
  A giant spore (D:5)
  A goblin zombie (D:5)
  9 rats
  A rat skeleton (D:4)
  3 ballistomycetes (D:5)
162 creatures vanquished.

Notes
Turn   | Place    | Note
--------------------------------------------------------------
     0 | D:1      | Heini, the Hill Orc Fighter, began the quest for the Orb.
     0 | D:1      | Reached XP level 1. HP: 19/19 MP: 1/1
    31 | D:1      | Reached XP level 2. HP: 17/27 MP: 2/2
   330 | D:1      | Reached skill level 4 in Fighting
   372 | D:1      | Reached XP level 3. HP: 29/33 MP: 3/3
   885 | D:2      | Found a deep blue altar of Sif Muna.
   886 | D:2      | Found a shimmering altar of Xom.
  1198 | D:2      | Reached XP level 4. HP: 33/41 MP: 4/4
  1467 | D:3      | HP: 2/41 [worm (6)]
  1615 | D:3      | Reached XP level 5. HP: 12/47 MP: 5/5
  1694 | D:3      | Found a glowing drain.
  1718 | Sewer    | Entered a sewer
  2040 | Sewer    | Reached skill level 5 in Armour
  2126 | Sewer    | Reached skill level 5 in Axes
  2310 | D:3      | Reached XP level 6. HP: 46/55 MP: 6/6
  2795 | D:4      | Reached skill level 5 in Fighting
  3320 | D:5      | Entered Level 5 of the Dungeon
  3323 | D:5      | Noticed Kae's ghost (experienced MiFi)
  3337 | D:5      | Killed Kae's ghost
  3337 | D:5      | Reached skill level 6 in Axes
  3337 | D:5      | Reached XP level 7. HP: 33/62 MP: 7/7
  3548 | D:5      | Reached skill level 7 in Axes
  3554 | D:5      | Found a white marble altar of Elyvilon.
  3840 | D:5      | Reached XP level 8. HP: 41/70 MP: 8/8
  4060 | D:5      | Found Loecugiz's Book Shoppe.
  4090 | D:5      | Noticed a necrophage
  4093 | D:5      | Killed a necrophage
  4154 | D:5      | Noticed a necrophage
  4161 | D:5      | Killed a necrophage
  4161 | D:5      | Reached skill level 8 in Axes
  4876 | D:5      | Reached skill level 1 in Evocations
  4903 | D:6      | Reached skill level 9 in Axes
  5199 | D:6      | Found a staircase to the Ecumenical Temple.
  5214 | Temple   | Entered the Ecumenical Temple
  5295 | Temple   | Became a worshipper of Warmaster Okawaru
  5327 | D:6      | Noticed Sigmund
  5393 | D:7      | Found Erghaova's Weapon Emporium.
  5399 | D:7      | Reached XP level 9. HP: 63/79 MP: 11/11
  5557 | D:7      | Slain by a goliath beetle

Action                   |  1- 3 |  4- 6 |  7- 9 || total
-------------------------+-------+-------+-------++-------
Melee: War axe           |   179 |   221 |   235 ||   635
Evoke: Wand              |       |       |     5 ||     5
  Use: Scroll            |       |    11 |     4 ||    15
       Potion            |       |     2 |       ||     2
